 Dungeon Crawl Stone Soup version 0.21-a0-641-geef9d7f (webtiles) character file.

64 shenanigans the Skirmisher (level 4, -2/35 HPs)
             Began as a Barachi Skald on Dec 30, 2017.
             Killed from afar by an orc wizard (3 damage)
             ... with a puff of flame
             ... on level 2 of the Dungeon.
             The game lasted 00:03:57 (1835 turns).

shenanigans the Skirmisher (Barachi Skald)          Turns: 1835, Time: 00:03:57

Health: -2/35      AC:  6    Str: 17    XL:     4   Next: 12%
Magic:  1/7        EV: 11    Int: 14    God:
Gold:   146        SH:  0    Dex: 10    Spells: 6/7 levels left

rFire    + . .     SeeInvis .   a - +0 hand axe
rCold    + . .     Gourm    .   (no shield)
rNeg     . . .     Faith    .   o - +0 ring mail
rPois    +         Spirit   .   g - +0 helmet
rElec    +         Reflect  .   (no cloak)
rCorr    +         Harm     .   (no gloves)
MR       .....                  (no boots)
Stlth    ..........             (no amulet)
HPRegen  0.11/turn              j - -2 ring of dexterity (curse)
MPRegen  0.10/turn              (no ring)

@: mighty, resistant, infused, slow
A: +LOS, swims, slowness 1, strong legs 1
a: Hop


You were on level 2 of the Dungeon.
You were hungry.

You visited 1 branch of the dungeon, and saw 3 of its levels.

You collected 146 gold pieces.

Inventory:

Hand Weapons
 a - a +0 hand axe (weapon)
Armour
 b - a +0 leather armour
 g - a +0 helmet (worn)
 l - a +0 scale mail
 o - a +0 ring mail (worn)
Jewellery
 j - a cursed -2 ring of dexterity (left hand)
Wands
 p - a wand of random effects (24)
Scrolls
 e - 2 scrolls of remove curse {unknown}
 f - a scroll of noise {unknown}
 i - 4 scrolls of identify {unknown}
 k - a scroll of magic mapping {unknown}
 m - a scroll of amnesia {unknown}
 q - a scroll of enchant weapon {unknown}
 r - a scroll of enchant armour {unknown}
Potions
 h - a potion of ambrosia {unknown}
Books
 c - a book of Battle

   Spells                             Type                      Level
   a - Infusion                       Charms                       1
   b - Shroud of Golubria             Charms/Translocation         2
   c - Song of Slaying                Charms                       2
   d - Spectral Weapon                Hexes/Charms                 3
   e - Regeneration                   Charms/Necromancy            3
Comestibles
 d - 6 rations


   Skills:
 + Level 3.3 Fighting
 + Level 3.0 Axes
 + Level 2.4 Armour
 + Level 3.0 Dodging
 - Level 2.1 Spellcasting
 - Level 3.2 Charms


You had 6 spell levels left.
You knew the following spells:

 Your Spells              Type           Power        Failure   Level  Hunger
a - Infusion              Chrm           ##..         11%         1    #......


Dungeon Overview and Level Annotations

Branches:
Dungeon (3/15)

Altars:
Xom
Yredelemnul


Innate Abilities, Weirdness & Mutations

Shadows flee at your approach. (+LOS)
You can swim through water.
You cover ground slowly.
You can hop short distances.


Message History

* * * LOW HITPOINT WARNING * * *
You barely miss the orc wizard.
The orc wizard is almost dead.
You closely miss the orc. The orc hits you with a mace.
* * * LOW HITPOINT WARNING * * *
The orc wizard casts a spell.
The orc wizard flickers and vanishes!
Deactivating autopickup; reactivate with Ctrl-A.
It was a potion of resistance.
You feel protected. Something hits you.
* * * LOW HITPOINT WARNING * * *
The orc hits you with a mace.
* * * LOW HITPOINT WARNING * * *
It was a potion of might.
You feel very mighty all of a sudden.
You hear some strange, mumbled words.
A puff of flame appears from out of thin air!
The puff of flame hits you! You resist.
You die...

##### #...############
#..............# #...##########.#
##.######## #.# ##
###############.##.....####.# ##>
..#...##........o{........#.###..
.......#.####.#)@#.......<.......
.........####....#.....##.#.###..
.......#.........#.....##.#.# ##.
..#...####.##....#####.##...# ##
####### ##.##....#####.##..## #
.# #...#..............# # ##
#...##...#########.# #
#########.......## #.# #
....##..........###### #.# #


You could see an orc.

Vanquished Creatures
  A worker ant zombie (D:2)
  2 adders (D:2)
  2 worms (D:2)
  A leopard gecko (D:1)
  An orc (D:2)
  5 bats
  A giant cockroach (D:2)
  2 goblins (D:1)
  5 hobgoblins
  A frilled lizard (D:1)
  3 kobolds
  3 rats
  A butterfly (D:2)
28 creatures vanquished.

Notes
Turn   | Place    | Note
-------+----------+-------------------------------------------
     0 | D:1      | shenanigans the Barachi Skald began the quest for the Orb.
     0 | D:1      | Reached XP level 1. HP: 17/17 MP: 3/3
     6 | D:1      | Noticed an ettin
     6 | D:1      | Noticed a soldier ant
     6 | D:1      | Noticed a komodo dragon
   193 | D:1      | Reached XP level 2. HP: 15/23 MP: 5/5
   822 | D:2      | Found a shimmering altar of Xom.
   901 | D:2      | HP: 1/23 [worker ant zombie (3)]
   902 | D:2      | Reached XP level 3. HP: 1/29 MP: 2/6
  1579 | D:2      | Reached XP level 4. HP: 31/35 MP: 3/7
  1799 | D:2      | Found a basalt altar of Yredelemnul.
  1834 | D:2      | HP: 1/35 [orc/mace (1)]
  1835 | D:2      | Killed from afar by an orc wizard

Vault maps used:
D:1:      onia_arrival_zoo_common, serial_bayou_ford_a, minmay_tetromino_l2
D:2:      marbit_many_paths, xom_butterflies, first_ration,
          minmay_tiny_reverse_x
D:3:      old_standard_altar

Skill      XL: |  1  2  3  4 |
---------------+-------------+-----
Fighting       | 3 |  3.3
Armour         | 2 |  2.4
Dodging        | 3 |  3.0
Axes           | 3 |  3.0
Spellcasting   | |  2.1
Charms         | |  3.2

Action                   |  1- 3 |  4- 6 || total
-------------------------+-------+-------++-------
Melee: Hand axe          |   128 |     9 ||   137
 Cast: Infusion          |     6 |     2 ||     8
  Use: Potion            |       |     2 ||     2
  Eat: Chunk             |     2 |     1 ||     3
Armor: Leather armour    |    21 |       ||    21
       Ring mail         |    24 |     2 ||    26
Dodge: Dodged            |    89 |     8 ||    97

Table legend:
 A = Spawn XP
 B = Non-spawn XP
 C = Spawn XP percentage of total XP
 D = Spawn monster count
 E = Non-spawn monster count
 F = Spawn count percentage of total count
 G = Total turns spent on level
                    A         B        C        D         E        F      G
               +---------+---------+-------+---------+---------+-------+---------
         Total |       0 |      92 |   0.0 |       0 |      27 |   0.0 |  1835
               +---------+---------+-------+---------+---------+-------+---------
           D:1 |       0 |      24 |   0.0 |       0 |      14 |   0.0 |   766
           D:2 |       0 |      68 |   0.0 |       0 |      13 |   0.0 |  1066
               +---------+---------+-------+---------+---------+-------+---------
